| TOP OF THE 1ST |
|
Oregon State University Beavers batting - Pitching for Redlands East Valley Wildcats : RHP John Woods
|
|
Pitching: RHP John Woods
|
|
|
Batting: RHB Lionello Pancaldi
|
0-0: Called Strike 0-1: Ball 1-1: Ball 2-1: Fly out, F2 (Popup, 23F, EV 78.8 MPH)
|
|
Batting: LHB Jon Hamilton
|
0-0: Called Strike 0-1: DOUBLE (Flyball, 78D, EV 108.1 MPH)
|
|
Batting: RHB Luis Flores
|
0-0: Called Strike 0-1: Ball 1-1: Foul Ball, location: 2F 1-2: Foul Ball, location: 2F 1-2: Ground out 5-3 (Groundball, 5, EV 76.9 MPH)
|
|
Batting: LHB Pablo Fraga
|
0-0: Foul Ball, location: 2F 0-1: Foul Ball, location: 2F 0-2: Strikes out swinging
|
| Top of the 1st over - 0 runs, 1 hit, 0 errors, 1 left on base; Oregon State University 0 - Redlands East Valley 0 |
| BOTTOM OF THE 1ST |
|
Redlands East Valley Wildcats batting - Pitching for Oregon State University Beavers : RHP Rob Carson
|
|
Pitching: RHP Rob Carson
|
|
|
Batting: LHB Steve Lane
|
0-0: Called Strike 0-1: Ball 1-1: Swinging Strike 1-2: Ball 2-2: Ball 3-2: Strikes out looking
|
|
Batting: LHB Jim Snell
|
0-0: Bunted foul 0-1: Foul Ball, location: 2F 0-2: Ball 1-2: Ground out 4-3 (Groundball, 4, EV 83.8 MPH)
|
|
Batting: SHB Jonathan Jacob
|
0-0: Ball 1-0: Ball 2-0: Called Strike 2-1: Ball 3-1: Called Strike 3-2: SINGLE (Line Drive, 6D, EV 105.0 MPH)
|
|
Batting: SHB Jason Pugh
|
0-0: Ball 1-0: Called Strike 1-1: Ball 2-1: Ball 3-1: Fly out, F7 (Line Drive, 78D, EV 88.1 MPH)
|
| Bottom of the 1st over - 0 runs, 1 hit, 0 errors, 1 left on base; Oregon State University 0 - Redlands East Valley 0 |
| TOP OF THE 2ND |
|
Oregon State University Beavers batting - Pitching for Redlands East Valley Wildcats : RHP John Woods
|
|
Batting: SHB Jim Chute
|
0-0: Foul Ball, location: 2F 0-1: Fly out, F8 (Line Drive, 8LD, EV 100.0 MPH)
|
|
Batting: LHB Jason Trevarrow
|
0-0: Ball 1-0: Ball 2-0: Swinging Strike 2-1: Foul Ball, location: 2F 2-2: Foul Ball, location: 2F 2-2: Strikes out looking
|
|
Batting: LHB Brock Darby
|
0-0: Foul Ball, location: 2F 0-1: Ball 1-1: Ball 2-1: Foul Ball, location: 2F 2-2: Fly out, F8 (Flyball, 78D, EV 105.0 MPH)
|
| Top of the 2nd over - 0 runs, 0 hits, 0 errors, 0 left on base; Oregon State University 0 - Redlands East Valley 0 |
| BOTTOM OF THE 2ND |
|
Redlands East Valley Wildcats batting - Pitching for Oregon State University Beavers : RHP Rob Carson
|
|
Batting: RHB Takayashi Hori
|
0-0: Ball 1-0: Ball 2-0: Ball 3-0: Base on Balls
|
|
Batting: LHB John Blumberg
|
0-0: Ball 1-0: Called Strike Takayashi Hori is caught stealing 2nd base 2-6 1-1: Ground out 4-3 (Groundball, 4, EV 85.0 MPH)
|
|
Batting: RHB Justin Thomas
|
0-0: Called Strike 0-1: Fly out, F8 (Line Drive, 8RD, EV 89.4 MPH)
|
| Bottom of the 2nd over - 0 runs, 0 hits, 0 errors, 0 left on base; Oregon State University 0 - Redlands East Valley 0 |
| TOP OF THE 3RD |
|
Oregon State University Beavers batting - Pitching for Redlands East Valley Wildcats : RHP John Woods
|
|
Batting: SHB Manny Zatarain
|
0-0: Ball 1-0: Called Strike 1-1: Ball 2-1: Fly out, F9 (Flyball, 9S, EV 90.0 MPH)
|
|
Batting: SHB Sosaia Apelahama
|
0-0: Ball 1-0: Ball 2-0: Ball 3-0: Called Strike 3-1: Ground out 1-3 (Groundball, 13S, EV 66.9 MPH)
|
|
Batting: RHB Lionello Pancaldi
|
0-0: Ground out 4-3 (Groundball, 4, EV 100.0 MPH)
|
| Top of the 3rd over - 0 runs, 0 hits, 0 errors, 0 left on base; Oregon State University 0 - Redlands East Valley 0 |
| BOTTOM OF THE 3RD |
|
Redlands East Valley Wildcats batting - Pitching for Oregon State University Beavers : RHP Rob Carson
|
|
Batting: SHB John Loechel
|
0-0: Ball 1-0: Called Strike 1-1: Ball 2-1: Ball 3-1: Foul Ball, location: 2F 3-2: Strikes out swinging
|
|
Batting: RHB Alex Freyre
|
0-0: Ball 1-0: Ball 2-0: Swinging Strike 2-1: Swinging Strike 2-2: Strikes out swinging
|
|
Batting: LHB Steve Lane
|
0-0: Called Strike 0-1: Foul Ball, location: 2F 0-2: Foul Ball, location: 2F 0-2: Strikes out swinging
|
| Bottom of the 3rd over - 0 runs, 0 hits, 0 errors, 0 left on base; Oregon State University 0 - Redlands East Valley 0 |
| TOP OF THE 4TH |
|
Oregon State University Beavers batting - Pitching for Redlands East Valley Wildcats : RHP John Woods
|
|
Batting: LHB Jon Hamilton
|
0-0: Ball 1-0: Fly out, F9 (Flyball, 9, EV 89.4 MPH)
|
|
Batting: RHB Luis Flores
|
0-0: Ball 1-0: Ball 2-0: Ball 3-0: Base on Balls
|
|
Batting: LHB Pablo Fraga
|
0-0: Called Strike 0-1: Ball 1-1: Foul Ball, location: 2F 1-2: Foul Ball, location: 2F 1-2: Ball 2-2: Strikes out swinging
|
|
Batting: SHB Jim Chute
|
0-0: Called Strike 0-1: Ball 1-1: Called Strike 1-2: Foul Ball, location: 2F 1-2: Ball 2-2: Foul Ball, location: 2F 2-2: Ground out 4-3 (Groundball, 34S, EV 81.2 MPH)
|
| Top of the 4th over - 0 runs, 0 hits, 0 errors, 1 left on base; Oregon State University 0 - Redlands East Valley 0 |
| BOTTOM OF THE 4TH |
|
Redlands East Valley Wildcats batting - Pitching for Oregon State University Beavers : RHP Rob Carson
|
|
Batting: LHB Jim Snell
|
0-0: Ball 1-0: Called Strike 1-1: Fly out, F9 (Line Drive, 89M, EV 95.0 MPH)
|
|
Batting: SHB Jonathan Jacob
|
0-0: Swinging Strike 0-1: Ball 1-1: Swinging Strike 1-2: Foul Ball, location: 2F 1-2: Strikes out swinging
|
|
Batting: SHB Jason Pugh
|
0-0: Ball 1-0: Ground out 1-3 (Groundball, 13S, EV 65.6 MPH)
|
| Bottom of the 4th over - 0 runs, 0 hits, 0 errors, 0 left on base; Oregon State University 0 - Redlands East Valley 0 |
| TOP OF THE 5TH |
|
Oregon State University Beavers batting - Pitching for Redlands East Valley Wildcats : RHP John Woods
|
|
Batting: LHB Jason Trevarrow
|
0-0: Ground out 2-3 (Groundball, 2R, EV 67.5 MPH)
|
|
Batting: LHB Brock Darby
|
0-0: Ball 1-0: Ball 2-0: Foul Ball, location: 2F 2-1: Ball 3-1: Base on Balls
|
|
Batting: SHB Manny Zatarain
|
0-0: Called Strike Brock Darby steals 2nd, throwing error, E2 Brock Darby to third 0-1: Foul Ball, location: 2F 0-2: Ball 1-2: Ball 2-2: Foul Ball, location: 2F 2-2: Foul Ball, location: 2F 2-2: Ball 3-2: Intentional Walk
|
|
Batting: SHB Sosaia Apelahama
|
0-0: Swinging Strike 0-1: Called Strike 0-2: Strikes out swinging
|
|
Batting: RHB Lionello Pancaldi
|
0-0: Called Strike 0-1: Fly out, F9 (Flyball, 89S, EV 78.8 MPH)
|
| Top of the 5th over - 0 runs, 0 hits, 1 error, 2 left on base; Oregon State University 0 - Redlands East Valley 0 |
| BOTTOM OF THE 5TH |
|
Redlands East Valley Wildcats batting - Pitching for Oregon State University Beavers : RHP Rob Carson
|
|
Batting: RHB Takayashi Hori
|
0-0: Called Strike 0-1: Ball 1-1: DOUBLE (Flyball, 78D, EV 90.6 MPH)
|
|
Batting: LHB John Blumberg
|
0-0: Ball 1-0: Ball Wild Pitch! Takayashi Hori to third 2-0: Foul Ball, location: 2F 2-1: Called Strike 2-2: Ground out 6-3 (Groundball, 6M, EV 82.5 MPH)
|
|
Batting: RHB Justin Thomas
|
0-0: Called Strike 0-1: Ball 1-1: Fly out, F8 (Flyball, 89M, EV 94.4 MPH) Runner from 3rd tags up, OUT at HOME! 8-2
|
| Bottom of the 5th over - 0 runs, 1 hit, 0 errors, 0 left on base; Oregon State University 0 - Redlands East Valley 0 |
| TOP OF THE 6TH |
|
Oregon State University Beavers batting - Pitching for Redlands East Valley Wildcats : RHP John Woods
|
|
Batting: LHB Jon Hamilton
|
0-0: Foul Ball, location: 2F 0-1: Called Strike 0-2: Ball 1-2: Ball 2-2: Ball 3-2: Foul Ball, location: 2F 3-2: Strikes out looking
|
|
Batting: RHB Luis Flores
|
0-0: Ball 1-0: Foul Ball, location: 2F 1-1: Ball 2-1: Ball 3-1: Called Strike 3-2: Base on Balls
|
|
Pitching: LHP Malcolm Mcquade
|
|
|
Batting: LHB Pablo Fraga
|
0-0: Ball 1-0: Fly out, F7 (Flyball, 7, EV 93.1 MPH)
|
|
Batting: SHB Jim Chute
|
0-0: Ball Wild Pitch! Luis Flores to second 1-0: Called Strike 1-1: Fly out, F8 (Flyball, 8RM, EV 76.9 MPH)
|
| Top of the 6th over - 0 runs, 0 hits, 0 errors, 1 left on base; Oregon State University 0 - Redlands East Valley 0 |
| BOTTOM OF THE 6TH |
|
Redlands East Valley Wildcats batting - Pitching for Oregon State University Beavers : RHP Rob Carson
|
|
Batting: SHB John Loechel
|
0-0: Ball 1-0: Foul Ball, location: 2F 1-1: Ball 2-1: Foul Ball, location: 2F 2-2: Strikes out swinging
|
|
Batting: RHB Alex Freyre
|
0-0: Ball 1-0: Ball 2-0: Ball 3-0: Base on Balls
|
|
Batting: LHB Steve Lane
|
0-0: Ball 1-0: Ball Alex Freyre is caught stealing 2nd base 2-6 2-0: Ball 3-0: Base on Balls
|
|
Batting: LHB Jim Snell
|
0-0: Called Strike Steve Lane steals 2nd base 0-1: Ball 1-1: Fly out, F9 (Flyball, 89D, EV 103.1 MPH)
|
| Bottom of the 6th over - 0 runs, 0 hits, 0 errors, 1 left on base; Oregon State University 0 - Redlands East Valley 0 |
| TOP OF THE 7TH |
|
Oregon State University Beavers batting - Pitching for Redlands East Valley Wildcats : LHP Malcolm Mcquade
|
|
Batting: LHB Jason Trevarrow
|
0-0: Swinging Strike 0-1: Swinging Strike 0-2: Ball 1-2: Ball 2-2: Strikes out swinging
|
|
Batting: LHB Brock Darby
|
0-0: Called Strike 0-1: Ball 1-1: Called Strike 1-2: Foul Ball, location: 2F 1-2: Ball 2-2: Foul Ball, location: 2F 2-2: Ground out 4-3 (Groundball, 4D, EV 105.6 MPH)
|
|
Batting: SHB Manny Zatarain
|
0-0: Called Strike 0-1: Ball 1-1: Swinging Strike 1-2: Ball 2-2: Foul Ball, location: 2F 2-2: Ball 3-2: Strikes out swinging
|
| Top of the 7th over - 0 runs, 0 hits, 0 errors, 0 left on base; Oregon State University 0 - Redlands East Valley 0 |
| BOTTOM OF THE 7TH |
|
Redlands East Valley Wildcats batting - Pitching for Oregon State University Beavers : RHP Rob Carson
|
|
Batting: SHB Jonathan Jacob
|
0-0: Called Strike 0-1: Ball 1-1: Foul Ball, location: 2F 1-2: SINGLE (Line Drive, 4D, EV 107.5 MPH)
|
|
Batting: SHB Jason Pugh
|
0-0: Ball 1-0: Ball 2-0: Ball 3-0: Base on Balls Jonathan Jacob to second
|
|
Batting: RHB Takayashi Hori
|
0-0: SINGLE (Line Drive, 56D, EV 98.8 MPH) Jonathan Jacob to third Jason Pugh to second
|
|
Batting: LHB John Blumberg
|
0-0: Ball 1-0: Ball 2-0: Foul Ball, location: 2F 2-1: Grounds into fielders choice 4-2 (Groundball, 4, EV 107.5 MPH) Jason Pugh to third Takayashi Hori to second
|
|
Batting: RHB Justin Thomas
|
0-0: Ball 1-0: Fly out, F8 (Flyball, 8LS, EV 80.6 MPH)
|
|
Batting: SHB John Loechel
|
0-0: Ball 1-0: Foul Ball, location: 2F 1-1: Fielders Choice at 2nd, 6-4 (Groundball, 6MD, EV 89.4 MPH)
|
| Bottom of the 7th over - 0 runs, 2 hits, 0 errors, 3 left on base; Oregon State University 0 - Redlands East Valley 0 |
| TOP OF THE 8TH |
|
Oregon State University Beavers batting - Pitching for Redlands East Valley Wildcats : LHP Malcolm Mcquade
|
|
Pitching: LHP Hahn Patzwahl
|
|
|
Batting: SHB Sosaia Apelahama
|
0-0: Ball 1-0: Foul Ball, location: 2F 1-1: Called Strike 1-2: Foul Ball, location: 2F 1-2: Ball 2-2: Strikes out swinging
|
|
Batting: RHB Lionello Pancaldi
|
0-0: Ball 1-0: Called Strike 1-1: Foul Ball, location: 2F 1-2: Strikes out swinging
|
|
Batting: LHB Jon Hamilton
|
0-0: Called Strike 0-1: Ball 1-1: Ball 2-1: Foul Ball, location: 2F 2-2: Foul Ball, location: 2F 2-2: Foul Ball, location: 2F 2-2: Strikes out looking
|
| Top of the 8th over - 0 runs, 0 hits, 0 errors, 0 left on base; Oregon State University 0 - Redlands East Valley 0 |
| BOTTOM OF THE 8TH |
|
Redlands East Valley Wildcats batting - Pitching for Oregon State University Beavers : RHP Rob Carson
|
|
Pitching: RHP Chris West
|
|
|
Batting: RHB Alex Freyre
|
0-0: Foul Ball, location: 2F 0-1: Ball 1-1: Ball 2-1: Called Strike 2-2: Strikes out swinging
|
|
Pitching: LHP Mark Sander
|
|
|
Batting: LHB Steve Lane
|
0-0: Foul Ball, location: 2F 0-1: Ball 1-1: Ball 2-1: Ground out 3-1 (Groundball, 34S, EV 91.9 MPH)
|
|
Batting: LHB Jim Snell
|
0-0: Foul Ball, location: 2F 0-1: Ball 1-1: Foul Ball, location: 2F 1-2: SINGLE (Flyball, 8RS, EV 84.4 MPH)
|
|
Batting: SHB Jonathan Jacob
|
0-0: Called Strike 0-1: Ball 1-1: Ground out U3 (Groundball, 3L, EV 103.8 MPH)
|
| Bottom of the 8th over - 0 runs, 1 hit, 0 errors, 1 left on base; Oregon State University 0 - Redlands East Valley 0 |
| TOP OF THE 9TH |
|
Oregon State University Beavers batting - Pitching for Redlands East Valley Wildcats : LHP Hahn Patzwahl
|
|
Batting: RHB Luis Flores
|
0-0: Called Strike 0-1: Ball 1-1: Foul Ball, location: 2F 1-2: Ball 2-2: Ball 3-2: Strikes out swinging
|
|
Batting: LHB Pablo Fraga
|
0-0: Called Strike 0-1: Ball 1-1: Foul Ball, location: 2F 1-2: Strikes out looking
|
|
Batting: SHB Jim Chute
|
0-0: Called Strike 0-1: Ball 1-1: Foul Ball, location: 2F 1-2: Strikes out swinging
|
| Top of the 9th over - 0 runs, 0 hits, 0 errors, 0 left on base; Oregon State University 0 - Redlands East Valley 0 |
| BOTTOM OF THE 9TH |
|
Redlands East Valley Wildcats batting - Pitching for Oregon State University Beavers : LHP Mark Sander
|
|
Pitching: RHP Sun-dong Pak
|
|
|
Batting: SHB Jason Pugh
|
0-0: Called Strike 0-1: Ball 1-1: Foul Ball, location: 2F 1-2: Ball 2-2: Fly out, F9 (Flyball, 9S, EV 88.1 MPH)
|
|
Batting: RHB Takayashi Hori
|
0-0: Ground out U3 (Groundball, 3L, EV 106.9 MPH)
|
|
Batting: LHB John Blumberg
|
0-0: Foul Ball, location: 2F 0-1: Ball 1-1: Ground out U3 (Groundball, 3, EV 102.5 MPH)
|
| Bottom of the 9th over - 0 runs, 0 hits, 0 errors, 0 left on base; Oregon State University 0 - Redlands East Valley 0 |
| TOP OF THE 10TH |
|
Oregon State University Beavers batting - Pitching for Redlands East Valley Wildcats : LHP Hahn Patzwahl
|
|
Batting: LHB Jason Trevarrow
|
0-0: Ball 1-0: Ground out 4-3 (Groundball, 4, EV 110.6 MPH)
|
|
Pinch Hitting: RHB Kyle McCunn
|
0-0: Called Strike 0-1: Swinging Strike 0-2: Ball 1-2: Strikes out looking
|
|
Batting: SHB Manny Zatarain
|
0-0: Ball 1-0: Ball 2-0: Foul Ball, location: 2F 2-1: Ball 3-1: Swinging Strike 3-2: Strikes out swinging
|
| Top of the 10th over - 0 runs, 0 hits, 0 errors, 0 left on base; Oregon State University 0 - Redlands East Valley 0 |
| BOTTOM OF THE 10TH |
|
Redlands East Valley Wildcats batting - Pitching for Oregon State University Beavers : RHP Sun-dong Pak
|
|
Now at 2B: Kyle McCunn
|
|
|
Batting: RHB Justin Thomas
|
0-0: Called Strike 0-1: Swinging Strike 0-2: Foul Ball, location: 2F 0-2: Strikes out swinging
|
|
Batting: SHB John Loechel
|
0-0: Foul Ball, location: 2F 0-1: Swinging Strike 0-2: Ball 1-2: Foul Ball, location: 2F 1-2: Fly out, F4 (Line Drive, 4, EV 66.2 MPH)
|
|
Batting: RHB Alex Freyre
|
0-0: Ball 1-0: Called Strike 1-1: Ball 2-1: Ground out 2-3 (Groundball, 13S, EV 68.8 MPH)
|
| Bottom of the 10th over - 0 runs, 0 hits, 0 errors, 0 left on base; Oregon State University 0 - Redlands East Valley 0 |
| TOP OF THE 11TH |
|
Oregon State University Beavers batting - Pitching for Redlands East Valley Wildcats : LHP Hahn Patzwahl
|
|
Pitching: RHP David Akers
|
|
|
Batting: SHB Sosaia Apelahama
|
0-0: Called Strike 0-1: Swinging Strike 0-2: Foul Ball, location: 2F 0-2: Ground out 2-3 (Groundball, 2R, EV 73.1 MPH)
|
|
Batting: RHB Lionello Pancaldi
|
0-0: Fly out, F7 (Flyball, 8LM, EV 98.1 MPH)
|
|
Batting: LHB Jon Hamilton
|
0-0: Foul Ball, location: 2F 0-1: Foul Ball, location: 2F 0-2: Foul Ball, location: 2F 0-2: Foul Ball, location: 2F 0-2: Fly out, F9 (Line Drive, 9, EV 85.6 MPH)
|
| Top of the 11th over - 0 runs, 0 hits, 0 errors, 0 left on base; Oregon State University 0 - Redlands East Valley 0 |
| BOTTOM OF THE 11TH |
|
Redlands East Valley Wildcats batting - Pitching for Oregon State University Beavers : RHP Sun-dong Pak
|
|
Batting: LHB Steve Lane
|
0-0: Ball 1-0: Called Strike 1-1: Called Strike 1-2: Strikes out swinging
|
|
Batting: LHB Jim Snell
|
0-0: Called Strike 0-1: Foul Ball, location: 2F 0-2: Foul Ball, location: 2F 0-2: Foul Ball, location: 2F 0-2: Ball 1-2: Strikes out swinging
|
|
Batting: SHB Jonathan Jacob
|
0-0: Ball 1-0: Ball 2-0: Ground out 4-3 (Groundball, 4, EV 80.0 MPH)
|
| Bottom of the 11th over - 0 runs, 0 hits, 0 errors, 0 left on base; Oregon State University 0 - Redlands East Valley 0 |
| TOP OF THE 12TH |
|
Oregon State University Beavers batting - Pitching for Redlands East Valley Wildcats : RHP David Akers
|
|
Batting: RHB Luis Flores
|
0-0: Swinging Strike 0-1: Ball 1-1: Called Strike 1-2: Ball 2-2: Ground out U3 (Groundball, 3, EV 100.0 MPH)
|
|
Batting: LHB Pablo Fraga
|
0-0: Called Strike 0-1: Ground out 4-3 (Groundball, 4, EV 83.8 MPH)
|
|
Batting: SHB Jim Chute
|
0-0: Ball 1-0: Called Strike 1-1: Fly out, F7 (Flyball, 7D, EV 101.9 MPH)
|
| Top of the 12th over - 0 runs, 0 hits, 0 errors, 0 left on base; Oregon State University 0 - Redlands East Valley 0 |
| BOTTOM OF THE 12TH |
|
Redlands East Valley Wildcats batting - Pitching for Oregon State University Beavers : RHP Sun-dong Pak
|
|
Batting: SHB Jason Pugh
|
0-0: Fly out, F8 (Flyball, 8LD, EV 96.9 MPH)
|
|
Batting: RHB Takayashi Hori
|
0-0: SINGLE (Groundball, 6D, EV 104.4 MPH)
|
|
Batting: LHB John Blumberg
|
0-0: Called Strike Takayashi Hori steals 2nd base 0-1: Ball 1-1: Foul Ball, location: 2F 1-2: Ball 2-2: Strikes out swinging
|
|
Batting: RHB Justin Thomas
|
0-0: Intentional Walk
|
|
Batting: SHB John Loechel
|
0-0: Called Strike 0-1: Called Strike 0-2: Strikes out looking
|
| Bottom of the 12th over - 0 runs, 1 hit, 0 errors, 2 left on base; Oregon State University 0 - Redlands East Valley 0 |
| TOP OF THE 13TH |
|
Oregon State University Beavers batting - Pitching for Redlands East Valley Wildcats : RHP David Akers
|
|
Batting: LHB Jason Trevarrow
|
0-0: Ball 1-0: Ball 2-0: Ball 3-0: Base on Balls
|
|
Batting: RHB Kyle McCunn
|
0-0: Ball 1-0: Fly out, F9 (Flyball, 89M, EV 97.5 MPH)
|
|
Batting: SHB Manny Zatarain
|
Pickoff Throw to First - Out! 1-3 0-0: Foul Ball, location: 2F 0-1: Ball 1-1: Ball 2-1: Ground out 4-3 (Groundball, 4, EV 95.6 MPH)
|
| Top of the 13th over - 0 runs, 0 hits, 0 errors, 0 left on base; Oregon State University 0 - Redlands East Valley 0 |
| BOTTOM OF THE 13TH |
|
Redlands East Valley Wildcats batting - Pitching for Oregon State University Beavers : RHP Sun-dong Pak
|
|
Batting: RHB Alex Freyre
|
0-0: Foul Ball, location: 2F 0-1: Ball 1-1: Swinging Strike 1-2: Ball 2-2: Strikes out swinging
|
|
Batting: LHB Steve Lane
|
0-0: Ball 1-0: Ball 2-0: Called Strike 2-1: Ball 3-1: Foul Ball, location: 2F 3-2: Base on Balls
|
|
Pitching: LHP Cody Martin
|
|
|
Batting: LHB Jim Snell
|
0-0: Called Strike Steve Lane is caught stealing 2nd base 2-6 0-1: Ball 1-1: Called Strike 1-2: Ball 2-2: Foul Ball, location: 2F 2-2: SINGLE (Groundball, 3D, EV 100.6 MPH)
|
|
Batting: SHB Jonathan Jacob
|
0-0: Called Strike Jim Snell steals 2nd, throwing error, E2 Jim Snell to third 0-1: Ball 1-1: Intentional Walk
|
|
Batting: SHB Jason Pugh
|
0-0: Ball 1-0: Called Strike 1-1: Ball 2-1: Ball 3-1: Foul Ball, location: 2F 3-2: Strikes out looking
|
| Bottom of the 13th over - 0 runs, 1 hit, 1 error, 2 left on base; Oregon State University 0 - Redlands East Valley 0 |
| TOP OF THE 14TH |
|
Oregon State University Beavers batting - Pitching for Redlands East Valley Wildcats : RHP David Akers
|
|
Batting: SHB Sosaia Apelahama
|
0-0: Ground out 6-3 (Groundball, 6, EV 103.1 MPH)
|
|
Batting: RHB Lionello Pancaldi
|
0-0: Ball 1-0: Foul Ball, location: 2F 1-1: Ball 2-1: Ball 3-1: Ground out 6-3 (Groundball, 56, EV 83.8 MPH)
|
|
Batting: LHB Jon Hamilton
|
0-0: Called Strike 0-1: Ball 1-1: Ball 2-1: SINGLE (Flyball, 34D, EV 97.5 MPH)
|
|
Batting: RHB Luis Flores
|
0-0: Foul Ball, location: 2F 0-1: Called Strike 0-2: Ball 1-2: Ground out U3 (Groundball, 3, EV 75.6 MPH)
|
| Top of the 14th over - 0 runs, 1 hit, 0 errors, 1 left on base; Oregon State University 0 - Redlands East Valley 0 |
| BOTTOM OF THE 14TH |
|
Redlands East Valley Wildcats batting - Pitching for Oregon State University Beavers : LHP Cody Martin
|
|
Batting: RHB Takayashi Hori
|
0-0: Ball 1-0: Ground out 6-3 (Groundball, 6, EV 88.1 MPH)
|
|
Batting: LHB John Blumberg
|
0-0: Foul Ball, location: 2F 0-1: Ball 1-1: Ball 2-1: Ground out 2-3 (Groundball, 13S, EV 61.9 MPH)
|
|
Batting: RHB Justin Thomas
|
0-0: Ball 1-0: Called Strike 1-1: Foul Ball, location: 2F 1-2: Ball 2-2: Strikes out looking
|
| Bottom of the 14th over - 0 runs, 0 hits, 0 errors, 0 left on base; Oregon State University 0 - Redlands East Valley 0 |
| TOP OF THE 15TH |
|
Oregon State University Beavers batting - Pitching for Redlands East Valley Wildcats : RHP David Akers
|
|
Batting: LHB Pablo Fraga
|
0-0: Ground out 4-3 (Groundball, 4, EV 81.9 MPH)
|
|
Batting: SHB Jim Chute
|
0-0: Called Strike 0-1: Ball 1-1: Foul Ball, location: 2F 1-2: Foul Ball, location: 2F 1-2: Foul Ball, location: 2F 1-2: Foul Ball, location: 2F 1-2: Ball 2-2: Ball 3-2: Base on Balls
|
|
Pitching: RHP Lance Greven
|
|
|
Batting: LHB Jason Trevarrow
|
0-0: Foul Ball, location: 2F 0-1: Ball 1-1: Swinging Strike 1-2: Foul Ball, location: 2F 1-2: Strikes out looking
|
|
Batting: RHB Kyle McCunn
|
0-0: Ball Wild Pitch! Jim Chute to second 1-0: Ball 2-0: Called Strike 2-1: Called Strike 2-2: Foul Ball, location: 2F 2-2: Ground out 6-3 (Groundball, 6MS, EV 77.5 MPH)
|
| Top of the 15th over - 0 runs, 0 hits, 0 errors, 1 left on base; Oregon State University 0 - Redlands East Valley 0 |
| BOTTOM OF THE 15TH |
|
Redlands East Valley Wildcats batting - Pitching for Oregon State University Beavers : LHP Cody Martin
|
|
Batting: SHB John Loechel
|
0-0: Ball 1-0: Ground out 6-3 (Groundball, 56, EV 85.6 MPH)
|
|
Batting: RHB Alex Freyre
|
0-0: Ball 1-0: Ball 2-0: Swinging Strike 2-1: Ball 3-1: Called Strike 3-2: Foul Ball, location: 2F 3-2: Base on Balls
|
|
Batting: LHB Steve Lane
|
0-0: Called Strike 0-1: Swinging Strike 0-2: Ball 1-2: Ball 2-2: Strikes out swinging
|
|
Batting: LHB Jim Snell
|
0-0: Called Strike 0-1: Ball 1-1: DOUBLE (Line Drive, 89M, EV 100.0 MPH) Alex Freyre to third Runner from 3rd tries for Home, throw by CF and OUT! 8-4-2
|
| Bottom of the 15th over - 0 runs, 1 hit, 0 errors, 1 left on base; Oregon State University 0 - Redlands East Valley 0 |
| TOP OF THE 16TH |
|
Oregon State University Beavers batting - Pitching for Redlands East Valley Wildcats : RHP Lance Greven
|
|
Batting: SHB Manny Zatarain
|
0-0: Ball 1-0: Called Strike 1-1: Ball 2-1: SINGLE (Groundball, 6MD, EV 98.1 MPH)
|
|
Batting: SHB Sosaia Apelahama
|
0-0: Fielders Choice at 2nd, 6-4 (Groundball, 56, EV 109.4 MPH)
|
|
Batting: RHB Lionello Pancaldi
|
0-0: Sac Bunt to 2R - play at first, batter OUT! 2-3 Sosaia Apelahama to second
|
|
Batting: LHB Jon Hamilton
|
0-0: Swinging Strike 0-1: Foul Ball, location: 2F 0-2: Ball 1-2: Foul Ball, location: 2F 1-2: Foul Ball, location: 2F 1-2: Foul Ball, location: 2F 1-2: Strikes out swinging, 2-3 out at first.
|
| Top of the 16th over - 0 runs, 1 hit, 0 errors, 1 left on base; Oregon State University 0 - Redlands East Valley 0 |
| BOTTOM OF THE 16TH |
|
Redlands East Valley Wildcats batting - Pitching for Oregon State University Beavers : LHP Cody Martin
|
|
Batting: SHB Jonathan Jacob
|
0-0: Called Strike 0-1: Foul Ball, location: 2F 0-2: Strikes out swinging
|
|
Batting: SHB Jason Pugh
|
0-0: Ball 1-0: Ball 2-0: Fly out, F8 (Flyball, 8RD, EV 103.8 MPH)
|
|
Batting: RHB Takayashi Hori
|
0-0: Reached on error, E5 (Groundball, 5S, EV 78.1 MPH)
|
|
Pitching: RHP Edgar Cepeda
|
|
|
Batting: LHB John Blumberg
|
0-0: SINGLE (Groundball, 34D, EV 105.0 MPH) Takayashi Hori to third Runner from 3rd tries for Home, throw by RF and OUT! 9-2
|
| Bottom of the 16th over - 0 runs, 1 hit, 1 error, 1 left on base; Oregon State University 0 - Redlands East Valley 0 |
| TOP OF THE 17TH |
|
Oregon State University Beavers batting - Pitching for Redlands East Valley Wildcats : RHP Lance Greven
|
|
Batting: RHB Luis Flores
|
0-0: SINGLE (Line Drive, 8RS, EV 100.0 MPH)
|
|
Batting: LHB Pablo Fraga
|
0-0: Swinging Strike 0-1: Called Strike 0-2: Ball 1-2: Foul Ball, location: 2F 1-2: Foul Ball, location: 2F 1-2: Fielders Choice at 2nd, 4-6 (Groundball, 34S, EV 91.2 MPH)
|
|
Pitching: RHP Tim St.john
|
|
|
Batting: SHB Jim Chute
|
0-0: Swinging Strike 0-1: Ball 1-1: Swinging Strike 1-2: Fielders Choice at 2nd, 4-6 (Groundball, 4, EV 103.8 MPH)
|
|
Batting: LHB Jason Trevarrow
|
0-0: Ball Jim Chute steals 2nd base 1-0: Intentional Walk
|
|
Batting: RHB Kyle McCunn
|
0-0: Swinging Strike 0-1: Called Strike 0-2: Strikes out looking
|
| Top of the 17th over - 0 runs, 1 hit, 0 errors, 2 left on base; Oregon State University 0 - Redlands East Valley 0 |
| BOTTOM OF THE 17TH |
|
Redlands East Valley Wildcats batting - Pitching for Oregon State University Beavers : RHP Edgar Cepeda
|
|
Batting: RHB Justin Thomas
|
0-0: Called Strike 0-1: Foul Ball, location: 2F 0-2: Ball 1-2: Foul Ball, location: 2F 1-2: Ball 2-2: Strikes out swinging
|
|
Batting: SHB John Loechel
|
0-0: Called Strike 0-1: Foul Ball, location: 2F 0-2: Strikes out swinging
|
|
Batting: RHB Alex Freyre
|
0-0: Ground out 4-3 (Groundball, 4, EV 107.5 MPH)
|
| Bottom of the 17th over - 0 runs, 0 hits, 0 errors, 0 left on base; Oregon State University 0 - Redlands East Valley 0 |
| TOP OF THE 18TH |
|
Oregon State University Beavers batting - Pitching for Redlands East Valley Wildcats : RHP Tim St.john
|
|
Batting: SHB Manny Zatarain
|
0-0: Foul Ball, location: 2F 0-1: Ball 1-1: Ball 2-1: Foul Ball, location: 2F 2-2: Strikes out swinging
|
|
Batting: SHB Sosaia Apelahama
|
0-0: SINGLE (Flyball, 8RM, EV 95.6 MPH)
|
|
Batting: RHB Lionello Pancaldi
|
0-0: Called Strike Sosaia Apelahama is caught stealing 2nd base 2-4 0-1: Ball 1-1: Ball 2-1: Foul Ball, location: 2F 2-2: Strikes out swinging
|
| Top of the 18th over - 0 runs, 1 hit, 0 errors, 0 left on base; Oregon State University 0 - Redlands East Valley 0 |
| BOTTOM OF THE 18TH |
|
Redlands East Valley Wildcats batting - Pitching for Oregon State University Beavers : RHP Edgar Cepeda
|
|
Batting: LHB Steve Lane
|
0-0: Ball 1-0: Swinging Strike 1-1: Called Strike 1-2: Foul Ball, location: 2F 1-2: Ball 2-2: Ball 3-2: Foul Ball, location: 2F 3-2: SINGLE (Groundball, 34, EV 98.8 MPH)
|
|
Batting: LHB Jim Snell
|
0-0: Called Strike 0-1: Ball Steve Lane is caught stealing 2nd base 2-6 1-1: Ball 2-1: Ball 3-1: Foul Ball, location: 2F 3-2: Ground out 4-3 (Groundball, 4, EV 80.0 MPH)
|
|
Batting: SHB Jonathan Jacob
|
0-0: Called Strike 0-1: Called Strike 0-2: Ball 1-2: Foul Ball, location: 2F 1-2: Foul Ball, location: 2F 1-2: Ball 2-2: Foul Ball, location: 2F 2-2: Strikes out swinging
|
| Bottom of the 18th over - 0 runs, 1 hit, 0 errors, 0 left on base; Oregon State University 0 - Redlands East Valley 0 |
| TOP OF THE 19TH |
|
Oregon State University Beavers batting - Pitching for Redlands East Valley Wildcats : RHP Tim St.john
|
|
Batting: LHB Jon Hamilton
|
0-0: Called Strike 0-1: Called Strike 0-2: Ball 1-2: Strikes out swinging
|
|
Batting: RHB Luis Flores
|
0-0: Ball 1-0: Ball 2-0: Ball 3-0: Base on Balls
|
|
Batting: LHB Pablo Fraga
|
0-0: Called Strike 0-1: Called Strike 0-2: Ball 1-2: Ball Wild Pitch! Luis Flores to second 2-2: Foul Ball, location: 2F 2-2: Fly out, F5 (Popup, 5, EV 81.9 MPH)
|
|
Batting: SHB Jim Chute
|
0-0: Called Strike 0-1: Ball 1-1: Fly out, F3 (Popup, 23F, EV 86.9 MPH)
|
| Top of the 19th over - 0 runs, 0 hits, 0 errors, 1 left on base; Oregon State University 0 - Redlands East Valley 0 |
| BOTTOM OF THE 19TH |
|
Redlands East Valley Wildcats batting - Pitching for Oregon State University Beavers : RHP Edgar Cepeda
|
|
Batting: SHB Jason Pugh
|
0-0: Ball 1-0: Ball 2-0: Ball 3-0: Base on Balls
|
|
Batting: RHB Takayashi Hori
|
0-0: Ball 1-0: Called Strike 1-1: Foul Ball, location: 2F 1-2: Ball 2-2: Ball 3-2: Foul Ball, location: 2F 3-2: Base on Balls Jason Pugh to second
|
|
Batting: LHB John Blumberg
|
0-0: Fly out, F8 (Flyball, 8RM, EV 88.8 MPH)
|
|
Batting: RHB Justin Thomas
|
0-0: Ball 1-0: Foul Ball, location: 2F 1-1: Ball 2-1: Called Strike 2-2: Ball 3-2: Base on Balls Jason Pugh to third Takayashi Hori to second
|
|
Pitching: RHP Bill Vadeboncoeur
|
|
|
Batting: SHB John Loechel
|
0-0: Foul Ball, location: 2F 0-1: Foul Ball, location: 2F 0-2: Ball 1-2: Foul Ball, location: 2F 1-2: Ball 2-2: Strikes out looking
|
|
Batting: RHB Alex Freyre
|
0-0: Foul Ball, location: 2F 0-1: Called Strike 0-2: Ball 1-2: Strikes out swinging
|
| Bottom of the 19th over - 0 runs, 0 hits, 0 errors, 3 left on base; Oregon State University 0 - Redlands East Valley 0 |
| TOP OF THE 20TH |
|
Oregon State University Beavers batting - Pitching for Redlands East Valley Wildcats : RHP Tim St.john
|
|
Pitching: RHP Jaime Zapata
|
|
|
Batting: LHB Jason Trevarrow
|
0-0: Ball 1-0: Swinging Strike 1-1: Called Strike 1-2: Foul Ball, location: 2F 1-2: Ball 2-2: Strikes out swinging
|
|
Batting: RHB Kyle McCunn
|
0-0: Called Strike 0-1: Ball 1-1: Swinging Strike 1-2: Foul Ball, location: 2F 1-2: Foul Ball, location: 2F 1-2: SINGLE (Groundball, 4MD, EV 98.1 MPH)
|
|
Batting: SHB Manny Zatarain
|
0-0: Foul Ball, location: 2F 0-1: Ball 1-1: Fly out, F7 (Line Drive, 7, EV 91.9 MPH)
|
|
Batting: SHB Sosaia Apelahama
|
0-0: Ball 1-0: Ball 2-0: 2-RUN HOME RUN (Flyball, 89XD, EV 108.8 MPH), Distance : 403 ft
|
|
Batting: RHB Lionello Pancaldi
|
0-0: Swinging Strike 0-1: Called Strike 0-2: Ball 1-2: Foul Ball, location: 2F 1-2: Ball 2-2: Strikes out swinging
|
| Top of the 20th over - 2 runs, 2 hits, 0 errors, 0 left on base; Oregon State University 2 - Redlands East Valley 0 |
| BOTTOM OF THE 20TH |
|
Redlands East Valley Wildcats batting - Pitching for Oregon State University Beavers : RHP Bill Vadeboncoeur
|
|
Batting: LHB Steve Lane
|
0-0: Swinging Strike 0-1: Called Strike 0-2: Ball 1-2: Ground out U3 (Groundball, 3L, EV 98.8 MPH)
|
|
Batting: LHB Jim Snell
|
0-0: Swinging Strike 0-1: Fly out, F9 (Flyball, 9S, EV 86.2 MPH)
|
|
Batting: SHB Jonathan Jacob
|
0-0: Called Strike 0-1: Foul Ball, location: 2F 0-2: Ball 1-2: Ground out 4-3 (Groundball, 4MD, EV 86.9 MPH)
|
| Bottom of the 20th over - 0 runs, 0 hits, 0 errors, 0 left on base; Oregon State University 2 - Redlands East Valley 0 |
|